[Event "Titled Tuesday Blitz February 22 Late 2022"]
[White "Abdrlauf, Elham"]
[Black "Tan, Jun Ying"]
[WhiteFideId "1533533"]
[BlackFideId "5710413"]
[WhiteElo "2334"]
[BlackElo "1827"]
[Result "1-0"]
[Round "01"]
[TimeControl "180+1"]
[Date "2022.02.22"]
[WhiteClock "0:01:55"]
[BlackClock "0:00:06"]

1. e4 c5 2. Nf3 Nc6 3. b4 cxb4 4. d4 d5 5. exd5 Qxd5 6. c4 bxc3 7. Nxc3 Qa5 8. Rb1 Qxc3+ 9. Bd2 Qa3 10. d5 Bf5 11. Rxb7 O-O-O 12. dxc6 e5 13. Bc4 Bg4 14. Rb8+ Kxb8 15. Qb1+ Bb4 16. Bxb4 Rd1+ 17. Kxd1 Bxf3+ 18. Ke1 Be4 19. Bd6+ Kc8 20. Qb8# 1-0


[Site "https://www.chess.com"]

[Event "Titled Tuesday Blitz February 22 Late 2022"]
[White "Aggelis, Nikolaos"]
[Black "Svane, Rasmus"]
[WhiteFideId "4213220"]
[BlackFideId "4657101"]
[WhiteElo "2154"]
[BlackElo "2645"]
[Result "0-1"]
[Round "01"]
[TimeControl "180+1"]
[Date "2022.02.22"]
[WhiteClock "0:00:04"]
[BlackClock "0:00:04"]

1. d4 Nf6 2. g3 c5 3. Nf3 cxd4 4. Nxd4 e5 5. Nb3 d5 6. Bg2 Be6 7. O-O Be7 8. e4 Nxe4 9. c4 Nc6 10. cxd5 Bxd5 11. Qe2 Bxb3 12. axb3 Nc5 13. b4 Nb3 14. Ra3 Nbd4 15. Bxc6+ Nxc6 16. b5 Bxa3 17. bxc6 Bd6 18. cxb7 Rb8 19. Qa6 Qb6 20. Qa4+ Ke7 21. Nc3 Qxb7 22. Rd1 Rbd8 23. Nd5+ Kf8 24. Bg5 Rc8 25. Qe4 h6 26. Be3 Rd8 27. Qc4 g6 28. Nb4 Kg7 29. Nc6 Rd7 30. b4 a6 31. Rc1 Rc8 32. Qd5 Bb8 33. Qc5 Kh7 34. Qc4 Rdc7 35. Qh4 Rxc6 36. Qxh6+ Kg8 37. Rxc6 Qxc6 38. h4 Qf3 39. Kh2 Rd8 40. Bg5 Re8 41. h5 Qxh5+ 42. Qxh5 gxh5 0-1


[Site "https://www.chess.com"]

[Event "Titled Tuesday Blitz February 22 Late 2022"]
[White "Aigner, Michael"]
[Black "Jaracz, Pawel"]
[WhiteFideId "2017288"]
[BlackFideId "1102222"]
[WhiteElo "2410"]
[BlackElo "2429"]
[Result "0-1"]
[Round "01"]
[TimeControl "180+1"]
[Date "2022.02.23"]
[WhiteClock "0:01:08"]
[BlackClock "0:00:05"]

1. e4 c5 2. Nc3 Nc6 3. g3 g6 4. Bg2 Bg7 5. d3 d6 6. f4 e5 7. Nh3 Nge7 8. O-O h6 9. Be3 Be6 10. fxe5 Bxe5 11. Nf4 Nd4 12. Kh1 h5 13. Nxe6 Nxe6 14. Rb1 h4 15. g4 h3 16. Bf3 Nd4 17. Ne2 Nxf3 18. Rxf3 Qd7 19. Qg1 d5 20. Ng3 Bxg3 21. Qxg3 dxe4 22. dxe4 O-O-O 23. Bxc5 Nc6 24. Rbf1 Qe6 25. Rxf7 Qxe4+ 26. Kg1 Qe5 27. b4 Qxg3+ 28. hxg3 Ne5 29. R7f4 Rd2 30. R1f2 h2+ 31. Kh1 Rd1+ 32. Rf1 Rxf1+ 33. Rxf1 Nxg4 34. a4 b6 35. Bd4 Re8 36. c3 Re2 37. a5 bxa5 38. bxa5 a6 39. Bb6 Kd7 40. Bd4 Ke6 41. Bb6 Kd5 42. Bd4 Ke4 43. Rb1 g5 44. Rc1 Nh6 45. Rf1 Nf5 46. Bf2 Rc2 47. Be1 Ne3 48. Rf2 Rc1 49. Re2 Kf3 50. Rf2+ Ke4 51. Re2 Kd3 52. Rd2+ Kc4 53. Re2 Nc2 54. Kxh2 Nxe1 55. Re4+ Kxc3 56. Kh3 Nd3 57. Re6 Re1 58. Rxa6 Re4 59. Rc6+ Kd2 60. a6 Ra4 61. Rd6 Ke3 62. Re6+ Kf3 63. Rf6+ Ke2 64. Re6+ Kf1 65. Rf6+ Nf2+ 66. Kh2 Ra2 67. g4 Ke2 68. Kg3 Ra3+ 69. Kg2 Nxg4 70. Re6+ Ne3+ 71. Kg3 Ra4 72. Rg6 g4 73. a7 Rxa7 74. Kf4 Ra4+ 75. Kg3 Re4 76. Ra6 Nf5+ 77. Kg2 Nd4 78. Kg3 Nf5+ 79. Kg2 Ke3 80. Ra3+ Kf4 81. Ra2 Nh4+ 82. Kh2 Nf5 83. Kg2 Kg5 84. Kf2 Rb4 85. Kg2 Kh4 86. Kh2 g3+ 87. Kg2 Ne3+ 88. Kf3 Ng4 89. Kg2 Rf4 90. Rb2 Rf2+ 91. Rxf2 Nxf2 92. Kf1 Kh3 93. Kg1 Ng4 94. Kh1 Ne5 95. Kg1 g2 96. Kf2 Kh2 0-1


[Site "https://www.chess.com"]

[Event "Titled Tuesday Blitz February 22 Late 2022"]
[White "Al Hosani, Omran"]
[Black "Vine, Elzbieta"]
[WhiteFideId "9308733"]
[BlackFideId "1119320"]
[WhiteElo "2246"]
[BlackElo "1878"]
[Result "1-0"]
[Round "01"]
[TimeControl "180+1"]
[Date "2022.02.23"]
[WhiteClock "0:01:34"]
[BlackClock "0:00:01"]

1. e4 c5 2. Nf3 d6 3. c3 Nf6 4. Bd3 c4 5. Bc2 e5 6. O-O Be7 7. Na3 Qc7 8. Qe2 Be6 9. Ng5 Bg4 10. Qxc4 Qxc4 11. Nxc4 Be2 12. d3 Bxf1 13. Kxf1 O-O 14. Nf3 Nc6 15. Bg5 Rfd8 16. Ne3 h6 17. Bxf6 Bxf6 18. Bb3 Ne7 19. Rd1 a5 20. Bd5 Nxd5 21. Nxd5 Bg5 22. a4 Rab8 23. c4 Kf8 24. Ra1 Rdc8 25. Ra3 g6 26. Rb3 Bc1 27. Ke2 b5 28. axb5 a4 29. Rb4 Ra8 30. Nb6 1-0


[Site "https://www.chess.com"]

[Event "Titled Tuesday Blitz February 22 Late 2022"]
[White "Ankerst, Mihael"]
[Black "Maksimovic, Bojan"]
[WhiteFideId "14602369"]
[BlackFideId "14408120"]
[WhiteElo "2327"]
[BlackElo "2450"]
[Result "0-1"]
[Round "01"]
[TimeControl "180+1"]
[Date "2022.02.23"]
[WhiteClock "0:00:17"]
[BlackClock "0:00:22"]

1. e4 a6 2. d4 b6 3. Bd3 Bb7 4. Qe2 e6 5. Nf3 Ne7 6. O-O g6 7. Nc3 Bg7 8. e5 d6 9. Ne4 h6 10. Re1 Nbc6 11. Bd2 dxe5 12. dxe5 Nxe5 13. Nxe5 Bxe5 14. Rad1 Nd5 15. c4 Nf4 16. Bxf4 Bxf4 17. Qf3 Be5 18. Nd6+ Bxd6 19. Qxb7 O-O 20. Qf3 Kg7 21. g3 h5 22. h4 a5 23. Be4 Rb8 24. Bc6 Qf6 25. Qxf6+ Kxf6 26. f4 Rbd8 27. Kg2 Bc5 28. Kf3 Bd4 29. b3 Rd6 30. Be4 Rfd8 31. Re2 Bc5 32. Rxd6 Rxd6 33. Bc2 Rd4 34. Re4 Rd8 35. Re2 Ke7 36. Re1 Rd2 37. Re2 Rd8 38. Re1 f5 39. Rd1 Bd4 40. Re1 Kf6 41. a4 e5 42. fxe5+ Bxe5 43. Rd1 Bd6 44. Re1 Bb4 45. Re2 Rd4 46. Re3 Bd6 47. Rd3 Rg4 48. Kf2 f4 49. Rf3 Rxg3 50. Rxg3 fxg3+ 51. Kg2 g5 52. hxg5+ Kxg5 53. Kf3 h4 54. Kg2 Kf4 55. Bd1 Ke3 56. Bg4 Kd2 57. Be6 Kc3 58. c5 Bxc5 59. Kf3 Bd6 60. Kg2 Kb4 61. Bc4 c6 62. Be6 b5 63. axb5 cxb5 64. Kh3 Be7 65. Bf7 a4 66. bxa4 bxa4 67. Be6 a3 68. Bf7 Kc3 69. Be6 Kb2 70. Bf7 a2 71. Be6 a1=Q 72. Bg4 Qh1# 0-1


[Site "https://www.chess.com"]

[Event "Titled Tuesday Blitz February 22 Late 2022"]
[White "Ansh M Shah"]
[Black "Garriga Cazorla, Pere"]
[WhiteFideId "25033379"]
[BlackFideId "32011601"]
[WhiteElo "1819"]
[BlackElo "2458"]
[Result "0-1"]
[Round "01"]
[TimeControl "180+1"]
[Date "2022.02.23"]
[WhiteClock "0:00:26"]
[BlackClock "0:01:42"]

1. d4 Nf6 2. c4 e6 3. Nc3 Bb4 4. Nf3 O-O 5. g3 c5 6. Bg2 Ne4 7. Bd2 Nxd2 8. Qxd2 cxd4 9. Nxd4 Qc7 10. a3 Be7 11. b3 a6 12. O-O d6 13. Rac1 Nd7 14. Na4 Nf6 15. h3 Bd7 16. Nc3 Rac8 17. Rc2 Rfd8 18. g4 Qb8 19. Rfc1 h6 20. Ne4 Nxe4 21. Bxe4 Be8 22. Bg2 Rc5 23. b4 Rc7 24. Nb3 Rdc8 25. c5 d5 26. e4 Ba4 27. Rc3 dxe4 28. Bxe4 Bf6 29. Rf3 Rd8 30. Qe2 Rcd7 31. Na5 Bg5 32. c6 bxc6 33. Rxc6 Bb5 34. Qc2 Rd2 35. Qc5 Rd1+ 36. Kg2 Bf1+ 37. Kg1 Bxh3# 0-1


[Site "https://www.chess.com"]

[Event "Titled Tuesday Blitz February 22 Late 2022"]
[White "Antonio, Jorge Carlos"]
[Black "Golubev, Mikhail"]
[WhiteFideId "113190"]
[BlackFideId "14100983"]
[WhiteElo "2247"]
[BlackElo "2374"]
[Result "0-1"]
[Round "01"]
[TimeControl "180+1"]
[Date "2022.02.23"]
[WhiteClock "0:00:20"]
[BlackClock "0:00:06"]

1. e4 c5 2. Nc3 d6 3. f4 Nc6 4. Bb5 Bd7 5. Bxc6 Bxc6 6. Nf3 g6 7. h4 Nf6 8. d3 Bg7 9. h5 Nxh5 10. Rxh5 gxh5 11. f5 Qd7 12. Bf4 O-O-O 13. Ng5 e5 14. Be3 d5 15. exd5 Bxd5 16. Nxd5 Qxd5 17. Qxh5 Rd7 18. Ne4 c4 19. Qg4 cxd3 20. Nc3 Qc6 21. Qxg7 Rhd8 22. O-O-O dxc2 23. Rxd7 Qxd7 24. Kxc2 Qd3+ 25. Kb3 Qxe3 26. Qxf7 Qb6+ 27. Kc2 Qf2+ 28. Kb3 Qxg2 29. Qe6+ Kb8 30. Qxe5+ Ka8 31. f6 Qc6 32. f7 Rf8 33. Nd5 a6 34. Nc7+ Ka7 35. Qd4+ b6 36. Nd5 Rxf7 37. Nc3 Qc5 38. Qd8 Rc7 39. a4 Qc4+ 40. Ka3 h5 41. Qh8 h4 42. Qh5 Qc5+ 43. Qxc5 Rxc5 44. Ne4 h3 45. Ng3 h2 46. Kb4 Rg5 47. Nh1 Rg1 48. Nf2 Rf1 0-1


[Site "https://www.chess.com"]

[Event "Titled Tuesday Blitz February 22 Late 2022"]
[White "Aradhya, Garg"]
[Black "Hoffmann, Asa"]
[WhiteFideId "25006746"]
[BlackFideId "2001470"]
[WhiteElo "2169"]
[BlackElo "2117"]
[Result "1-0"]
[Round "01"]
[TimeControl "180+1"]
[Date "2022.02.23"]
[WhiteClock "0:00:23"]
[BlackClock "0:00:27"]

1. d4 Nf6 2. c4 c5 3. d5 e5 4. Nc3 d6 5. e4 Be7 6. Bd3 Nbd7 7. Nge2 Nf8 8. Ng3 g6 9. h4 h5 10. Nf1 a6 11. a4 b6 12. Bg5 N6h7 13. Bxe7 Qxe7 14. Ne3 Bd7 15. a5 bxa5 16. Rxa5 Nf6 17. Bc2 N8h7 18. Qa1 O-O 19. Rxa6 Rab8 20. g3 g5 21. b3 gxh4 22. Rxh4 Ng5 23. Qd1 Ng4 24. Qe2 Nxe3 25. Qxe3 Bg4 26. Bd1 Bxd1 27. Nxd1 Qf6 28. Rxh5 Nf3+ 29. Kf1 Rxb3 30. Qe2 Nd4 31. Qg4+ Qg6 32. Rg5 1-0


[Site "https://www.chess.com"]

[Event "Titled Tuesday Blitz February 22 Late 2022"]
[White "Ardila, Oscar Humberto"]
[Black "Velikanov, Alexander"]
[WhiteFideId "4404742"]
[BlackFideId "2039290"]
[WhiteElo "1898"]
[BlackElo "2259"]
[Result "0-1"]
[Round "01"]
[TimeControl "180+1"]
[Date "2022.02.23"]
[WhiteClock "0:00:17"]
[BlackClock "0:00:06"]

1. d4 Nf6 2. c4 c5 3. d5 b5 4. Qc2 bxc4 5. Nc3 g6 6. e4 d6 7. Bxc4 Bg7 8. h3 O-O 9. Nf3 Ba6 10. Bxa6 Nxa6 11. a3 Nd7 12. O-O Rb8 13. Bf4 Qb6 14. Rab1 Qb3 15. Qxb3 Rxb3 16. Nd2 Rfb8 17. Nxb3 Rxb3 18. Nd1 Nc7 19. Re1 f5 20. Bg5 Kf7 21. exf5 Nxd5 22. Ne3 N7b6 23. fxg6+ hxg6 24. Rbd1 Bd4 25. Nxd5 Nxd5 26. Re2 e5 27. Be3 Nxe3 28. fxe3 Bxe3+ 29. Rxe3 Rxe3 30. Rxd6 Rb3 31. Rd7+ Ke6 32. Rxa7 Rxb2 33. Ra6+ Kf5 34. Rc6 Rc2 35. a4 c4 36. a5 c3 37. a6 g5 38. a7 Ra2 39. Rxc3 Rxa7 40. Kh2 e4 41. Rc5+ Kf4 42. g3+ Kf3 43. Rf5+ Ke3 44. Rxg5 Ra2+ 45. Kg1 Kf3 46. h4 e3 47. h5 e2 48. Rf5+ Kxg3 49. Re5 Ra1# 0-1


[Site "https://www.chess.com"]

[Event "Titled Tuesday Blitz February 22 Late 2022"]
[White "Avila Pavas, Santiago"]
[Black "Qashashvili, Alexandre"]
[WhiteFideId "4437128"]
[BlackFideId "13600842"]
[WhiteElo "2242"]
[BlackElo "2316"]
[Result "1/2-1/2"]
[Round "01"]
[TimeControl "180+1"]
[Date "2022.02.23"]
[WhiteClock "0:02:56"]
[BlackClock "0:02:51"]

1. d4 d5 2. Bf4 c6 3. e3 Bf5 4. c4 e6 5. Nc3 Bd6 6. Bg3 Bxg3 7. hxg3 h6 8. Nf3 Nf6 9. Bd3 Bxd3 10. Qxd3 Nbd7 11. O-O O-O 12. c5 Qc7 13. b4 a6 14. a4 e5 15. b5 e4 1/2-1/2


[Site "https://www.chess.com"]

[Event "Titled Tuesday Blitz February 22 Late 2022"]
[White "Avramidou, Anastasia"]
[Black "Kollars, Dmitrij"]
[WhiteFideId "4239873"]
[BlackFideId "12909572"]
[WhiteElo "2183"]
[BlackElo "2584"]
[Result "0-1"]
[Round "01"]
[TimeControl "180+1"]
[Date "2022.02.22"]
[WhiteClock "0:02:22"]
[BlackClock "0:02:17"]

1. Nf3 Nf6 2. d4 g6 3. c4 Bg7 4. Nc3 O-O 5. e4 d6 6. Bd3 Bg4 7. O-O Nc6 8. Be3 Nd7 9. d5 Nd4 10. Be2 Nxe2+ 11. Qxe2 Ne5 12. Bf4 Nxf3+ 13. gxf3 Bh5 14. Bg3 f5 15. Qe3 Qd7 16. Rfe1 f4 17. Bxf4 Qh3 0-1


[Site "https://www.chess.com"]

[Event "Titled Tuesday Blitz February 22 Late 2022"]
[White "Babazada, Khazar"]
[Black "Dauner, Benedikt"]
[WhiteFideId "13413554"]
[BlackFideId "16225899"]
[WhiteElo "2418"]
[BlackElo "2230"]
[Result "1-0"]
[Round "01"]
[TimeControl "180+1"]
[Date "2022.02.22"]
[WhiteClock "0:00:17"]
[BlackClock "0:00:05"]

1. e4 c6 2. d4 d5 3. Nc3 dxe4 4. Nxe4 Bf5 5. Ng3 Bg6 6. Nf3 Nd7 7. h4 h6 8. h5 Bh7 9. Bd3 Bxd3 10. Qxd3 Ngf6 11. Bd2 e6 12. O-O-O Qb6 13. Rhe1 Be7 14. Kb1 O-O 15. Nf5 exf5 16. Rxe7 Qd8 17. Re2 Ne4 18. Bc1 Re8 19. Rg1 Ndf6 20. Ne5 c5 21. Qb3 Qc7 22. f4 cxd4 23. g4 fxg4 24. Reg2 Rxe5 25. fxe5 Qxe5 26. Ka1 b5 27. a3 a5 28. Rxg4 Nxg4 29. Rxg4 Nf6 30. Rg1 Qxh5 31. Qg3 g6 32. Qf2 Ra6 33. Qxd4 Qd5 34. Qf4 h5 35. b3 Re6 36. Bb2 Ng4 37. Qb8+ Kh7 38. Qh8# 1-0


[Site "https://www.chess.com"]

[Event "Titled Tuesday Blitz February 22 Late 2022"]
[White "Baches Garcia, Guillermo"]
[Black "Shirov, Alexei"]
[WhiteFideId "2209764"]
[BlackFideId "2209390"]
[WhiteElo "2407"]
[BlackElo "2645"]
[Result "0-1"]
[Round "01"]
[TimeControl "180+1"]
[Date "2022.02.23"]
[WhiteClock "0:01:35"]
[BlackClock "0:01:57"]

1. e4 e5 2. Nf3 Nc6 3. Nc3 g6 4. d4 exd4 5. Nxd4 Bg7 6. Be3 Nf6 7. f3 O-O 8. Qd2 d5 9. O-O-O dxe4 10. Nxe4 Nxe4 11. fxe4 Bxd4 12. Bxd4 Bg4 13. Be2 Bxe2 14. Qxe2 Nxd4 15. Qc4 Qg5+ 16. Kb1 Ne6 17. h4 Qc5 18. Qe2 Rad8 19. h5 Rxd1+ 20. Rxd1 Rd8 21. Rh1 Nf4 0-1


[Site "https://www.chess.com"]

[Event "Titled Tuesday Blitz February 22 Late 2022"]
[White "Batsiashvili, Nino"]
[Black "Kamsky, Gata"]
[WhiteFideId "13602993"]
[BlackFideId "2000024"]
[WhiteElo "2230"]
[BlackElo "2645"]
[Result "0-1"]
[Round "01"]
[TimeControl "180+1"]
[Date "2022.02.22"]
[WhiteClock "0:00:03"]
[BlackClock "0:00:12"]

1. d4 d5 2. c4 c6 3. Nf3 Nf6 4. g3 g6 5. Bg2 Bg7 6. O-O O-O 7. Qb3 Qb6 8. Nc3 Rd8 9. c5 Qxb3 10. axb3 Na6 11. Ra4 Nc7 12. Bf4 Nfe8 13. b4 h6 14. Rfa1 a6 15. Ra5 g5 16. Bd2 Bf5 17. h4 g4 18. Ne1 Bxd4 19. Nc2 Bg7 20. Ne3 Be6 21. Nc2 d4 22. Ne4 f5 23. Ng5 hxg5 24. Bxg5 Kf7 25. Ne1 Bd5 26. Nd3 Bxg2 27. Kxg2 e5 28. Rf1 Rd5 29. f3 Kg6 30. fxg4 fxg4 31. Nf2 Ne6 32. Nxg4 Nxg5 33. hxg5 Kxg5 34. Nf2 Nf6 35. Ra3 Kg6 36. Rf3 e4 37. Rf4 Re8 38. Ng4 Re6 39. Nh2 d3 40. exd3 exd3 41. Nf3 Re2+ 42. Kg1 d2 43. Rd1 Nh5 44. Rg4+ Kh6 45. Kf1 Re3 46. Nxd2 Red3 47. Ke2 Bxb2 48. Rh4 Bc3 49. Ne4 Rxd1 50. Nxc3 R1d2+ 51. Ke1 Kg6 52. Ne4 R2d4 53. Rg4+ Kf5 54. Nd6+ Kxg4 0-1


[Site "https://www.chess.com"]

[Event "Titled Tuesday Blitz February 22 Late 2022"]
[White "Bettalli, Francesco"]
[Black "Pakleza, Zbigniew"]
[WhiteFideId "2816453"]
[BlackFideId "1119290"]
[WhiteElo "2216"]
[BlackElo "2467"]
[Result "0-1"]
[Round "01"]
[TimeControl "180+1"]
[Date "2022.02.23"]
[WhiteClock "0:00:05"]
[BlackClock "0:00:06"]

1. d4 d6 2. Nc3 Nf6 3. e4 c5 4. dxc5 dxc5 5. Qxd8+ Kxd8 6. Bg5 Nbd7 7. f3 a6 8. O-O-O Kc7 9. Bf4+ e5 10. Bg3 b5 11. a4 b4 12. Nd5+ Nxd5 13. Rxd5 Bb7 14. Rd1 f6 15. a5 Bd6 16. Bc4 Rad8 17. Ne2 Nb8 18. Bd5 Nc6 19. Bxc6 Bxc6 20. Rd2 Kc8 21. Rhd1 Bc7 22. Bf2 c4 23. Bc5 Bxa5 24. b3 Bb5 25. Ng3 Rxd2 26. Rxd2 c3 27. Rd6 Bc7 28. Rd5 a5 29. Bd6 Bc6 30. Rc5 Bxd6 31. Rxc6+ Kd7 32. Ra6 Bc7 33. Nf5 g6 34. Ne3 Rf8 35. Kd1 f5 36. exf5 gxf5 37. Ke2 e4 38. Nd5 Bxh2 39. Nf6+ Kc7 40. Nxh7 Rd8 41. fxe4 fxe4 0-1


[Site "https://www.chess.com"]

[Event "Titled Tuesday Blitz February 22 Late 2022"]
[White "Bluebaum, Matthias"]
[Black "Estrada Nieto, Julian"]
[WhiteFideId "24651516"]
[BlackFideId "5101018"]
[WhiteElo "2550"]
[BlackElo "2246"]
[Result "1-0"]
[Round "01"]
[TimeControl "180+1"]
[Date "2022.02.23"]
[WhiteClock "0:00:42"]
[BlackClock "0:00:03"]

1. d4 d5 2. Nf3 Nf6 3. e3 c5 4. dxc5 e6 5. b4 a5 6. c3 axb4 7. cxb4 b6 8. Bb5+ Bd7 9. Bxd7+ Qxd7 10. a4 bxc5 11. b5 Bd6 12. Bb2 O-O 13. O-O Qc7 14. Bxf6 gxf6 15. e4 dxe4 16. Nfd2 Bxh2+ 17. Kh1 Be5 18. Ra3 f5 19. Rh3 Nd7 20. Nc4 Nf6 21. b6 Qb8 22. a5 Rd8 23. Qc1 Rd4 24. Qg5+ Kf8 25. Nba3 Rd3 26. Rxd3 exd3 27. Qe3 Ng4 28. Qxc5+ Kg7 29. f3 Bg3 30. fxg4 fxg4 31. Qg5+ Kh8 32. Qf6+ Kg8 33. Qxf7+ Kh8 34. Qf6+ Kg8 35. Qxe6+ Kh8 36. Qxg4 Qg8 37. Qd4+ Qg7 38. Qxg7+ Kxg7 39. Rf3 Be1 40. Rxd3 Rf8 41. g3 Rf1+ 42. Kg2 Rf2+ 43. Kh3 Ra2 44. b7 1-0


[Site "https://www.chess.com"]

[Event "Titled Tuesday Blitz February 22 Late 2022"]
[White "Bodnar, Nikolay"]
[Black "Tari, Aryan"]
[WhiteFideId "14106469"]
[BlackFideId "1510045"]
[WhiteElo "2296"]
[BlackElo "2567"]
[Result "0-1"]
[Round "01"]
[TimeControl "180+1"]
[Date "2022.02.22"]
[WhiteClock "0:00:10"]
[BlackClock "0:00:16"]

1. e4 e5 2. Nf3 Nc6 3. Bc4 Nf6 4. d3 Bc5 5. c3 a6 6. O-O Ba7 7. a4 d6 8. Re1 O-O 9. h3 Ne7 10. Be3 Bxe3 11. Rxe3 Ng6 12. Nbd2 d5 13. exd5 Nxd5 14. Re1 Ndf4 15. Ne4 Kh8 16. Neg5 Qf6 17. d4 exd4 18. Qxd4 h6 19. Qxf6 gxf6 20. Ne4 Ne5 21. Bf1 Nxf3+ 22. gxf3 Rg8+ 23. Kh2 Rg6 24. Rad1 Be6 25. Nc5 Bf5 26. Rd4 Ne6 27. Rd5 Rg5 28. h4 Rh5 29. Nxe6 fxe6 30. Rd4 e5 31. Rc4 b5 32. axb5 axb5 33. Rxc7 Rg8 34. Re4 Bxe4 35. fxe4 Rxh4+ 36. Bh3 Rxe4 37. Rf7 Rf4 38. Kh1 Rxf2 39. b4 e4 40. Re7 f5 41. Re5 Rg5 42. Rxb5 e3 43. Re5 e2 44. b5 Rf1+ 45. Kh2 e1=Q 46. Rxe1 Rxe1 47. b6 Re2+ 48. Kh1 Re1+ 49. Kh2 Rb1 0-1


[Site "https://www.chess.com"]

[Event "Titled Tuesday Blitz February 22 Late 2022"]
[White "Borisova, Ekaterina"]
[Black "Gerbelli Neto, Eduardo"]
[WhiteFideId "34124184"]
[BlackFideId "2103281"]
[WhiteElo "2034"]
[BlackElo "2178"]
[Result "1-0"]
[Round "01"]
[TimeControl "180+1"]
[Date "2022.02.23"]
[WhiteClock "0:01:14"]
[BlackClock "0:00:20"]

1. d4 d5 2. c4 c6 3. cxd5 cxd5 4. Bf4 Nf6 5. Nc3 Nc6 6. e3 Bf5 7. Nf3 e6 8. Qb3 Qc8 9. Rc1 Bb4 10. Ne5 Bxc3+ 11. Rxc3 Ne4 12. Rc1 f6 13. Nxc6 bxc6 14. Bb5 O-O 15. f3 Ng5 16. Bxc6 Qa6 17. Bxa8 Rxa8 18. Kf2 Nf7 19. g4 Bd3 20. Rc7 g5 21. Bg3 Bc4 22. Qb7 Qxb7 23. Rxb7 a5 24. b3 Bd3 25. Rc1 a4 26. Rb8+ Rxb8 27. Bxb8 axb3 28. axb3 e5 29. b4 Kg7 30. Rc5 Bc4 31. b5 exd4 32. exd4 Nd8 33. Ba7 Ne6 34. b6 Ba6 35. Rxd5 1-0


[Site "https://www.chess.com"]

[Event "Titled Tuesday Blitz February 22 Late 2022"]
[White "Boros, Denes"]
[Black "Melian, Juan Sebastian"]
[WhiteFideId "722340"]
[BlackFideId "3706575"]
[WhiteElo "2464"]
[BlackElo "1842"]
[Result "1-0"]
[Round "01"]
[TimeControl "180+1"]
[Date "2022.02.23"]
[WhiteClock "0:00:45"]
[BlackClock "0:00:02"]

1. d4 Nf6 2. Nc3 d5 3. Bg5 c6 4. Nf3 Bf5 5. Nh4 Bg4 6. h3 Bh5 7. Qd3 Nbd7 8. O-O-O Qa5 9. g4 Bg6 10. Nxg6 hxg6 11. Bd2 Qc7 12. Bg2 O-O-O 13. g5 Nh5 14. Qf3 e5 15. e3 f5 16. gxf6 gxf6 17. h4 e4 18. Qe2 Bd6 19. Kb1 f5 20. Bh3 Rdf8 21. Rhg1 Rf6 22. f4 Nf8 23. Rc1 Kb8 24. Nd1 Ng7 25. c4 Qf7 26. cxd5 cxd5 27. Nc3 Nd7 28. Nb5 Nb6 29. Nxd6 Rxd6 30. Bb4 Rd7 31. Qf2 Qf6 32. Rg5 Ne6 33. Qg3 Nxg5 34. fxg5+ f4 35. gxf6 fxg3 36. Bxd7 Nxd7 37. Bd6+ Ka8 38. Bxg3 a6 39. f7 Rf8 40. Rf1 Rh8 41. Be5 Rc8 42. Bd6 Nf8 43. Rg1 Ka7 44. Rg5 Kb6 45. Rxd5 Ne6 46. Re5 Ng7 47. f8=Q 1-0


[Site "https://www.chess.com"]

[Event "Titled Tuesday Blitz February 22 Late 2022"]
[White "Bryakin, Mikhail"]
[Black "Horak, Martin"]
[WhiteFideId "4165314"]
[BlackFideId "367095"]
[WhiteElo "2421"]
[BlackElo "1997"]
[Result "1-0"]
[Round "01"]
[TimeControl "180+1"]
[Date "2022.02.23"]
[WhiteClock "0:01:27"]
[BlackClock "0:01:09"]

1. e4 c5 2. Nf3 d6 3. Nc3 Nc6 4. Bc4 Nf6 5. O-O g6 6. a4 Bg7 7. Re1 O-O 8. h3 a6 9. d3 Rb8 10. Bf4 Nd7 11. Qd2 Nde5 12. Nxe5 Nxe5 13. Bb3 b5 14. axb5 axb5 15. Bh6 Bxh6 16. Qxh6 c4 17. Ba2 cxd3 18. cxd3 Nxd3 19. Re3 Nb4 20. Bb3 Be6 21. Bxe6 Nc2 22. Rg3 Nxa1 23. Rxg6+ hxg6 24. Qxg6+ Kh8 25. Qh6+ Kg8 26. Bf5 1-0


[Site "https://www.chess.com"]

[Event "Titled Tuesday Blitz February 22 Late 2022"]
[White "Buchenau, Frank"]
[Black "Tanenbaum, Zachary"]
[WhiteFideId "4604350"]
[BlackFideId "2060850"]
[WhiteElo "2193"]
[BlackElo "2168"]
[Result "0-1"]
[Round "01"]
[TimeControl "180+1"]
[Date "2022.02.23"]
[WhiteClock "0:01:55"]
[BlackClock "0:00:55"]

1. e4 e5 2. Bc4 Nf6 3. d3 c6 4. Nf3 d5 5. Bb3 Bb4+ 6. Bd2 Bxd2+ 7. Nbxd2 O-O 8. O-O a5 9. c3 Re8 10. d4 exd4 11. e5 dxc3 12. exf6 cxd2 13. fxg7 Bg4 14. h3 Bh5 15. g4 Bg6 16. Qxd2 Qf6 17. Nd4 Nd7 18. f4 Be4 19. f5 Ne5 20. g5 Qxg7 21. f6 Qg6 22. Kh2 c5 23. Nb5 Nf3+ 24. Rxf3 Bxf3 25. Nc7 Re2+ 26. Qxe2 Bxe2 27. Nxa8 Qf5 28. Rg1 Qf4+ 29. Rg3 Bf3 30. h4 Qxh4+ 31. Rh3 Qf2# 0-1


[Site "https://www.chess.com"]

[Event "Titled Tuesday Blitz February 22 Late 2022"]
[White "Budrewicz, Krzysztof"]
[Black "Roque Sola, Gisela"]
[WhiteFideId "1127950"]
[BlackFideId "5120241"]
[WhiteElo "2248"]
[BlackElo "1863"]
[Result "1-0"]
[Round "01"]
[TimeControl "180+1"]
[Date "2022.02.23"]
[WhiteClock "0:01:01"]
[BlackClock "0:00:33"]

1. d4 e6 2. c4 Nf6 3. Nf3 d5 4. Nc3 Be7 5. Bf4 O-O 6. e3 c6 7. Bd3 dxc4 8. Bxc4 Nbd7 9. a4 Nb6 10. Be2 Bd6 11. Bg5 h6 12. Bh4 Nbd5 13. O-O Qb6 14. Qc2 Nb4 15. Qb1 Nfd5 16. a5 Qc7 17. e4 Nf4 18. Bc4 e5 19. dxe5 Bxe5 20. Nxe5 Qxe5 21. Bg3 Qg5 22. Ra4 Na6 23. Bxa6 bxa6 24. e5 Nd5 25. Nxd5 cxd5 26. f4 Qf5 27. Qd1 Be6 28. Qd4 Rfb8 29. Rb4 Rxb4 30. Qxb4 Qe4 31. Qxe4 dxe4 32. f5 Bc4 33. Re1 Bd3 34. Bf2 Rb8 35. Bd4 Rb5 36. Bc3 Kf8 37. Kf2 Ke7 38. Ke3 g6 39. g4 gxf5 40. gxf5 Rb8 41. Rg1 Kf8 42. Rg4 Rb5 43. Rh4 Kg7 44. e6+ Kf8 45. Rf4 fxe6 46. f6 Kf7 47. h4 Rf5 48. Rg4 Rxf6 49. Bxf6 Kxf6 50. Rg8 Kf5 51. b4 Kf6 52. Ra8 Kg6 53. Rxa7 Kh5 54. Rb7 Kxh4 55. b5 Kg3 56. Rg7+ Kh3 57. b6 1-0


[Site "https://www.chess.com"]

[Event "Titled Tuesday Blitz February 22 Late 2022"]
[White "Carlsson, Ludvig"]
[Black "Petersson, Kjell"]
[WhiteFideId "1727010"]
[BlackFideId "1705148"]
[WhiteElo "2178"]
[BlackElo "2009"]
[Result "1-0"]
[Round "01"]
[TimeControl "180+1"]
[Date "2022.02.23"]
[WhiteClock "0:02:03"]
[BlackClock "0:01:28"]

1. d4 f5 2. Bf4 Nf6 3. e3 e6 4. h3 Be7 5. Bd3 b6 6. Nf3 Bb7 7. Bh2 O-O 8. Nbd2 c5 9. c3 cxd4 10. exd4 Qe8 11. Qe2 Nc6 12. O-O a6 13. a4 Qh5 14. Nc4 b5 15. Nb6 Rab8 16. Bxb8 Rxb8 17. axb5 axb5 18. Bxb5 Bc8 19. Nxc8 Rxc8 20. Bxc6 Rxc6 21. Ra8+ Bf8 22. Re1 Ne4 23. Ne5 Rb6 24. Qxh5 1-0


[Site "https://www.chess.com"]

[Event "Titled Tuesday Blitz February 22 Late 2022"]
[White "Chernomordik, Pavel"]
[Black "Kosakowski, Jakub"]
[WhiteFideId "2804530"]
[BlackFideId "1185080"]
[WhiteElo "2249"]
[BlackElo "2476"]
[Result "0-1"]
[Round "01"]
[TimeControl "180+1"]
[Date "2022.02.23"]
[WhiteClock "0:01:31"]
[BlackClock "0:02:08"]

1. e4 d6 2. d4 Nf6 3. Nc3 g6 4. Bg5 c6 5. Qd2 Nbd7 6. f4 d5 7. e5 Ne4 8. Nxe4 dxe4 9. e6 fxe6 10. Bc4 Nb6 11. Bb3 Bg7 12. Ne2 O-O 13. O-O-O a5 14. c3 a4 15. Bc2 Nc4 16. Qe1 a3 17. b3 Ne3 18. Bxe4 Nxd1 19. Qxd1 Qd6 20. Qd3 b6 21. h4 Ba6 22. Qf3 Bxe2 23. Qxe2 h6 24. Bxe7 Qxe7 25. Bxg6 Qf6 26. Be4 Qxf4+ 27. Kb1 Qf2 28. Re1 Qxe2 29. Rxe2 Rac8 30. Bg6 c5 31. Rxe6 cxd4 32. c4 Rf2 0-1


[Site "https://www.chess.com"]